 Dungeon Crawl Stone Soup version 0.24.0-37-gcf1ca852f1 (webtiles) character file.

Game seed: 16346170387251529046, levelgen mode: deterministic

162 grindst0ne the Skirmisher (level 5, -13/43 HPs)
             Began as a Mummy Fighter on Nov 21, 2019.
             Mangled by Pikel
             ... wielding a +0 whip of electrocution
              (14 damage)
             ... on level 4 of the Dungeon.
             The game lasted 00:03:22 (3115 turns).

grindst0ne the Skirmisher (Mummy Fighter)           Turns: 3115, Time: 00:03:23

Health: -13/43     AC: 11    Str: 23    XL:     5   Next: 19%
Magic:  5/5        EV:  4    Int:  7    God:
Gold:   196        SH:  9    Dex: 12    Spells: 4/4 levels left

rFire    x . .     SeeInvis +   a - +0 war axe
rCold    + . .     Gourm    .   c - +0 shield
rNeg     + + +     Faith    .   q - +0 plate armour
rPois    ∞         Spirit   .   (no helmet)
rElec    .         Reflect  .   (no cloak)
rCorr    .         Harm     .   (no gloves)
MR       .....                  (no boots)
Stlth    ..........             (no amulet)
HPRegen  0.14/turn              h - ring of see invisible
MPRegen  0.09/turn              r - +3 ring of strength

@: no status effects
A: no food or potions, fire vulnerability, cold resistance 1, negative energy
resistance 3, torment resistance, unbreathing
a: no special abilities


You were on level 4 of the Dungeon.
You were not hungry.

You visited 1 branch of the dungeon, and saw 4 of its levels.

You collected 196 gold pieces.

Inventory:

Hand Weapons
 a - a +0 war axe (weapon)
Armour
 b - a +0 scale mail
 c - a +0 shield (worn)
 p - a +0 large shield
 q - a +0 plate armour (worn)
Jewellery
 h - a ring of see invisible (left hand)
 r - a +3 ring of strength (right hand)
Scrolls
 d - a scroll of immolation {unknown}
 e - 4 scrolls of teleportation {unknown}
 f - 2 scrolls of noise {unknown}
 g - 3 scrolls of identify {unknown}
 i - a scroll of amnesia {unknown}
 j - a scroll of blinking {unknown}
 k - a scroll of random uselessness {unknown}
 l - 2 scrolls of remove curse {unknown}
 n - a scroll of magic mapping {unknown}
 o - a scroll of fear {unknown}


   Skills:
 + Level 4.6 Fighting
 + Level 3.3 Axes
 - Level 2.4 Armour
 - Level 2.4 Shields


You had 4 spell levels left.
You didn't know any spells.
Your spell library was empty.

Dungeon Overview and Level Annotations

Branches:
Dungeon (4/15)
 Temple: D:4-7

Altars:
Ashenzari
Nemelex Xobeh

Annotations:
D:4 Pikel


Innate Abilities, Weirdness & Mutations

You do not eat or drink.
Your flesh is vulnerable to fire.
You are immune to poison.
Your flesh is cold resistant. (rC+)
You are immune to negative energy. (rN+++)
You are immune to unholy pain and torment.
You can survive without breathing.


Message History

* * * LOW HITPOINT WARNING * * *
You block Pikel's attack.
You hit Pikel.
Pikel is heavily wounded.
Pikel barely misses you.
You hit Pikel.
Pikel is severely wounded.
Pikel hits you with a +0 whip of electrocution.
* * * LOW HITPOINT WARNING * * *
You can't drink.
Okay, then.
You barely miss Pikel.
Pikel is severely wounded.
You block Pikel's attack. Pikel hits you but does no damage.
You hit Pikel.
Pikel is severely wounded.
Pikel hits you with a +0 whip of electrocution.
* * * LOW HITPOINT WARNING * * *
You are electrocuted!
You die...

.. .# #! ###. .
.. . .... .#.
#.. .# ... ###
##.+ +.##
#.###...#
######..# #...
#........
.......#
#.#####p..>....
#####..#
#...@Kpp.......
#..#
#.#####p.......
#..## ##.#
#........ #...#
#..# #########
#..## ##.# #..#
#.# #..######.#
##........#
##########


You could see Pikel and 4 slaves.

Vanquished Creatures
  A howler monkey (D:4)
  4 adders
  An ooze (D:3)
  A dart slug (D:1)
  7 leopard geckos
  2 ball pythons
  10 giant cockroaches (D:2)
  3 goblins
  9 hobgoblins
  5 kobolds
  5 quokkas
  7 bats
  5 frilled lizards
  A leopard gecko skeleton (D:4)
  12 rats
73 creatures vanquished.

Notes
Turn   | Place    | Note
-------+----------+-------------------------------------------
     0 | D:1      | grindst0ne the Mummy Fighter began the quest for the Orb.
     0 | D:1      | Reached XP level 1. HP: 18/18 MP: 1/1
   108 | D:1      | Reached XP level 2. HP: 23/24 MP: 2/2
   508 | D:1      | Found a sparkling altar of Nemelex Xobeh.
  1039 | D:2      | Reached XP level 3. HP: 29/29 MP: 3/3
  1490 | D:2      | Reached skill level 4 in Fighting
  1559 | D:2      | Reached XP level 4. HP: 37/37 MP: 4/4
  2930 | D:4      | Found a shattered altar of Ashenzari.
  2951 | D:4      | Reached XP level 5. HP: 39/43 MP: 5/5
  3093 | D:4      | Noticed a slave
  3093 | D:4      | Noticed a slave
  3094 | D:4      | Noticed Pikel
  3094 | D:4      | Noticed a slave
  3095 | D:4      | Noticed a slave
  3115 | D:4      | HP: 1/43 [Pikel/+0 whip of electrocution (3)]
  3115 | D:4      | Mangled by Pikel

Levels and vault maps discovered:
D:1:      dpeg_arrival_arbitrary_c, layout_basic, chequers_serial_rivers_marsh,
          chequers_big_river, nemelex_altar_shiori
D:2:      minmay_roachtagon, layout_loops_corners, st_stairs_9,
          serial_bayou_lagoon_a, wander_ebering_terrifying_dragon_lair
D:3:      layout_loops_ring, first_ration
D:4:      layout_rooms, gup_sewer_entry_bowl, evilmike_ruin_ashenzari,
          uniq_pikel

Skill      XL: |  1  2  3  4 |
---------------+-------------+-----
Axes           | 2 3 |  3.3
Fighting       | 4 |  4.6
Armour         | |  2.4
Shields        | |  2.4

Action                   |  1- 3 |  4- 6 || total
-------------------------+-------+-------++-------
Melee: War axe           |   128 |   128 ||   256
Armor: Scale mail        |    68 |    40 ||   108
       Plate armour      |       |    46 ||    46
Dodge: Dodged            |    59 |    37 ||    96
Block: Shield            |    69 |    79 ||   148
